 Dungeon Sprint DCSS version 0.16.1-2-g95b8d4c (webtiles) character file.

1400000 miro the Warrior (level 13, -25/124 HPs)
             Began as a Mummy Summoner on Mar 25, 2015.
             Was a Follower of Makhleb.
             Annihilated by a meat berserker
             ... wielding a +9 battleaxe
              (77 damage)
             ... in the Dungeon (Sprint VIII: "Arena of Blood").
             The game lasted 00:00:58 (14 turns).

miro the Warrior (Mummy Summoner)                     Turns: 14, Time: 00:00:58

Health: -25/124    AC:  3    Str: 11    XL:     13   Next: 26%
Magic:  19/19      EV: 19    Int: 14    God:    Makhleb [*.....]
Gold:   0          SH:  0    Dex: 16    Spells: 1 memorised, 15 levels left

rFire  x . .     SeeInvis .     c - +∞ Axe of Woe
rCold  + . .     Clarity  .     a - +0 robe
rNeg   + + +     SustAb   .     (no shield)
rPois  ∞         Gourm    .     (no helmet)
rElec  .         Spirit   .     (no cloak)
rCorr  .         Warding  .     (no gloves)
rMut   .         NoTele   +     (no boots)
MR     +....                    (no amulet)
Stlth  ++........               (no ring)
                                (no ring)

@: somewhat resistant to hostile enchantments, unstealthy
A: no food or potions, fire vulnerability, in touch with death, restore body,
cold resistance 1, negative energy resistance 3, poison resistance, torment
resistance, unbreathing
a: Self-Restoration, Renounce Religion


You were in the Dungeon.
You worshipped Makhleb.
Makhleb was aware of your devotion.
You were not hungry.

You visited 1 branch

Inventory:

Hand weapons
 c - the +∞ Axe of Woe (weapon)
   (You found it in the Dungeon)
Armour
 a - a +0 robe (worn)
Scrolls
 h - a scroll of blinking
Books
 b - a book of Callings

   Spells                             Type                      Level
   a - Summon Small Mammal            Summoning                    1
   b - Call Imp                       Summoning                    2
   c - Call Canine Familiar           Summoning                    3
   d - Summon Guardian Golem          Hexes/Summoning              4
   e - Summon Lightning Spire         Summoning/Air                4
   f - Summon Ice Beast               Ice/Summoning                4


   Skills:
 * Level 18.7 Fighting
 * Level 16.2 Axes
 * Level 16.1 Armour
 + Level 9.6 Dodging
 - Level 1.5 Stealth
 - Level 2.0 Spellcasting
 - Level 3.2 Summonings


You had 15 spell levels left.
You knew the following spells:

 Your Spells              Type           Power        Failure   Level  Hunger
a - Summon Small Mammal   Summ           ##..         10%         1    N/A

Dungeon Overview and Level Annotations

Branches:
Dungeon (1/1)

Altars:
Makhleb


Innate Abilities, Weirdness & Mutations

You do not eat or drink.
Your flesh is vulnerable to fire.
You are in touch with the powers of death.
You can restore your body by infusing magical energy.
Your flesh is cold resistant.
You are immune to negative energy.
Your system is resistant to poisons.
You are immune to unholy pain and torment.
You can survive without breathing.


Message History

The bag of meat moves out of view.
You hear a shout!
The bag of meat appears out of thin air!
A bag of meat comes into view. It is wielding a +9 war axe.
The meat berserker rages.
A bag of meat comes into view. It is wielding a +9 war axe.
The bag of meat shouts! x2
You hear a shout! x11
The meat berserker rages.
You hear a shout! x5
A bag of meat comes into view. It is wielding a +9 war axe.
You swing at nothing.
You hear a shout! x12
The meat berserker hits you with a +9 battleaxe!!!
You hear a shout! x2
The bag of meat appears out of thin air!
A bag of meat comes into view. It is wielding a +9 war axe.
The meat berserker hits you with a +9 battleaxe!!!!
Ouch! That really hurt!
You die...

o#. ..o......
...........
.............
.....o.....o.
............
#....o.o# #....O..#
.###..oO@..###....
......o###.........
..o....._).........
.....#.))..#......
. #_.<._#......
#.....# .....
....._.o......
......###......
.###.. ...###.


You could see 2 meat berserkers and 10 bags of meat.

Vanquished Creatures
  2 ogres (D)
  An orc (D)
3 creatures vanquished.

Notes
Turn   | Place    | Note
--------------------------------------------------------------
     0 | D        | miro, the Mummy Summoner, began the quest for the Orb.
     0 | D        | Reached XP level 1. HP: 13/13 MP: 3/3
     3 | D        | Noticed a bag of meat
     4 | D        | Became a worshipper of Makhleb the Destroyer
     6 | D        | Noticed a meat berserker
     8 | D        | Noticed a bag of meat
     9 | D        | Noticed a bag of meat
     9 | D        | Noticed a meat berserker
     9 | D        | Killed a meat berserker
     9 | D        | Reached skill level 15 in Fighting
     9 | D        | Reached XP level 2. HP: 15/44 MP: 4/4
     9 | D        | Reached XP level 3. HP: 17/50 MP: 6/6
     9 | D        | Reached XP level 4. HP: 19/57 MP: 7/7
     9 | D        | Reached XP level 5. HP: 21/63 MP: 9/9
     9 | D        | Reached XP level 6. HP: 23/70 MP: 10/10
     9 | D        | Reached XP level 7. HP: 24/76 MP: 12/12
     9 | D        | Reached XP level 8. HP: 26/83 MP: 13/13
     9 | D        | Reached XP level 9. HP: 27/89 MP: 14/14
     9 | D        | Reached XP level 10. HP: 29/96 MP: 16/16
     9 | D        | Reached XP level 11. HP: 30/102 MP: 17/17
     9 | D        | Killed a meat berserker
     9 | D        | Acquired Makhleb's first power
     9 | D        | Reached skill level 17 in Fighting
     9 | D        | Reached XP level 12. HP: 100/114 MP: 18/18
    10 | D        | Noticed a bag of meat
    10 | D        | Killed a bag of meat
    10 | D        | Reached skill level 18 in Fighting
    10 | D        | Reached XP level 13. HP: 105/124 MP: 19/19
    11 | D        | Noticed a meat berserker
    11 | D        | Noticed a meat berserker
    11 | D        | Noticed a bag of meat
    12 | D        | Noticed a bag of meat
    12 | D        | Noticed a bag of meat
    13 | D        | Noticed a bag of meat
    13 | D        | Noticed a bag of meat
    14 | D        | Noticed a bag of meat
    14 | D        | Annihilated by a meat berserker

Action                   |  1- 3 |  4- 6 |  7- 9 | 10-12 | 13-15 || total
-------------------------+-------+-------+-------+-------+-------++-------
Melee: Executioner's axe |     1 |       |       |     1 |       ||     2
